cohdb
Replays
Latest Replays
All Replays
Popular Replays
Top Player Replays
Match Explorer
How It Works
Community
CoH3 Stats
Reddit
Sign in to upload your games and track your stats! →
Sign in with Steam
Match 41956441
Unlisted
Match 41956441
Overview
Messages
Build Orders
End
Construct Section Command Post
Vickers Machine Gun Team
Infantry Section
Infantry Section
ML 3-inch Mortar Team
Grenade Package
Infantry Section
Construct Platoon Command Post
Humber Armored Car
Unlock M3 Stuart Light Tanks
Selects Heavy Armor Battlegroup
Selects Light Vehicle Withdraw and Refit
Selects UNKNOWN (202330)
Light Vehicle Withdraw and Refit
M3 Stuart Light Tank
M3 Stuart Light Tank
Light Vehicle Withdraw and Refit
6-pounder Anti-tank Gun Team
Construct Company Command Post
Infantry Section
Infantry Section
Vickers Machine Gun Team
Glendizzle
我將點燃大海
shush307
Bakku
kenleung
CJ
寶兔兔
Rashomon
0
0
Comments
sign in to comment!
No comments posted yet!